 Dungeon Crawl Stone Soup version 0.24.1-14-gf8d2b509d9 (webtiles) character file.

Game seed: 14809880355076662484, levelgen mode: deterministic

385 KlarStein the Skirmisher (level 6, -12/72 HPs)
             Began as a Demonspawn Fighter on July 19, 2020.
             Was a Follower of Okawaru.
             Mangled by an orc warrior
             ... wielding a +0 battleaxe
              (17 damage)
             ... on level 4 of the Dungeon.
             The game lasted 00:13:31 (3403 turns).

KlarStein the Skirmisher (Demonspawn Fighter)       Turns: 3403, Time: 00:13:32

Health: -12/72     AC: 23    Str: 18    XL:     6   Next: 48%
Magic:  6/6        EV:  2    Int: 11    God:    Okawaru [*.....]
Gold:   187        SH: 10    Dex: 13    Spells: 5/5 levels left

rFire    . . .     SeeInvis .   a - +0 long sword
rCold    . . .     Gourm    .   c - +1 shield
rNeg     + + +     Faith    .   (armour currently unavailable)
rPois    +         Spirit   .   (helmet currently unavailable)
rElec    .         Reflect  .   (cloak currently unavailable)
rCorr    .         Harm     .   (gloves currently unavailable)
MR       .....     NoTele   +   (boots currently unavailable)
Stlth    +.........             (no amulet)
HPRegen  0.22/turn              g - ring of flight
MPRegen  0.10/turn              j - +2 ring of intelligence

@: tree-form
A: powered by pain 1
a: Heroism, Renounce Religion


You were on level 4 of the Dungeon.
You worshipped Okawaru.
Okawaru was aware of your devotion.
You were not hungry.
You were a tree.
You visited 2 branches of the dungeon, and saw 5 of its levels.

You collected 187 gold pieces.

Inventory:

Hand Weapons
 a - a +0 long sword (weapon)
 p - a +4 quarterstaff of chaos
 r - a +4 dagger
Armour
 b - a +0 scale mail (melded)
 c - a +1 shield (worn)
 n - a scarf of spirit shield
 q - a +0 cloak (melded)
 t - a +0 helmet (melded)
Jewellery
 g - a ring of flight (left branch)
 j - a +2 ring of intelligence (right branch)
Scrolls
 e - a scroll of identify
 k - 2 scrolls of remove curse
 m - a scroll of magic mapping
Potions
 d - a potion of might
 h - 2 potions of ambrosia
 i - a potion of resistance
 l - a potion of agility
 o - a potion of flight
Comestibles
 f - 10 rations


   Skills:
 + Level 4.2 Fighting
 * Level 4.1 Long Blades
 + Level 3.7 Armour
 + Level 3.8 Shields
 + Level 1.2 Invocations


You had 5 spell levels left.
You didn't know any spells.
Your spell library was empty.

Dungeon Overview and Level Annotations

Branches:
Dungeon (4/15)             Temple (1/1) D:4

Altars:
Cheibriados
Dithmenos
Fedhas
Kikubaaqudgha
Makhleb
Nemelex Xobeh
Okawaru
Qazlal
Ru
Uskayaw
Vehumet
Wu Jian
Xom
Yredelemnul
Zin
The Shining One

Annotations:
D:4 Sigmund


Innate Abilities, Weirdness & Mutations

((You have sharp toenails.))
((You are partially covered in slimy green scales. (AC +2)))
You sometimes gain a little power by taking damage.
((You are partially covered in sharp spines.))


Message History

The orc hits you but does no damage. The orc completely misses you.
The orc warrior hits you with a +0 battleaxe!
* * * LOW HITPOINT WARNING * * *
You slash the orc warrior!
The orc warrior is heavily wounded.
The orc hits you but does no damage. You block the orc's attack.
The orc warrior hits you with a +0 battleaxe.
* * * LOW HITPOINT WARNING * * *
You barely miss the orc warrior.
The orc warrior is heavily wounded.
The orc hits you but does no damage. You block the orc's attack.
The orc warrior hits you with a +0 battleaxe!
* * * LOW HITPOINT WARNING * * *
You hit the orc warrior but do no damage.
The orc warrior is heavily wounded.
You block the orc's attack. The orc hits you but does no damage.
You hit the orc warrior but do no damage.
The orc warrior is heavily wounded.
The orc warrior hits you with a +0 battleaxe!
You die...

..................+,,,,,,,,,+,,,,
..#.###.#.##...#.##,,,,,,,,,****,
#...# #.#.###.##.#**,,,,,,,** **
#..####.#.....##.# **,,,,,** *
#.......########.# **,,,** *
##.###### ######.# **+** * #.#
#......## *,* * #.# #>#####o###
*,***** * #.# *,* #.♣...#**,*,,,*
* #.# *,**#oo.......,,,,* * #.#
*,,.......#....,,,* * ##.#
**###.....#*...*,** * ..>#
#.....#**.#*,****** #### #######
**#*,,,,,,, ********


You could see an orc warrior and 2 orcs.

Vanquished Creatures
  Crazy Yiuf (D:4)
  An orc wizard (D:4)
  An orc priest (D:4)
  3 hounds (D:4)
  A worker ant (D:4)
  A hound skeleton (D:4)
  Robin (D:4)
  3 adders (D:3)
  4 gnolls (D:3)
  4 worms
  2 dart slugs
  A leopard gecko (D:3)
  4 orcs (D:4)
  4 bats
  5 giant cockroaches
  14 goblins
  6 hobgoblins
  8 jackals
  A quokka (D:2)
  5 frilled lizards
  8 kobolds
  7 rats
85 creatures vanquished.

Notes
Turn   | Place    | Note
-------+----------+-------------------------------------------
     0 | D:1      | KlarStein the Demonspawn Fighter began the quest for the
                  | Orb.
     0 | D:1      | Reached XP level 1. HP: 18/18 MP: 1/1
   363 | D:1      | Gained mutation: You sometimes gain a little power by
                  | taking damage. [demonic ancestry]
   363 | D:1      | Reached XP level 2. HP: 24/24 MP: 2/2
   975 | D:2      | Gained mutation: You are partially covered in sharp spines.
                  | [demonic ancestry]
   975 | D:2      | Reached XP level 3. HP: 29/29 MP: 3/3
  1392 | D:3      | Found an iron altar of Okawaru.
  1408 | D:3      | Became a worshipper of Warmaster Okawaru
  1680 | D:3      | Gained mutation: You have sharp toenails. [demonic
                  | ancestry]
  1680 | D:3      | Reached XP level 4. HP: 32/35 MP: 4/4
  2289 | D:4      | Gained mutation: You are partially covered in slimy green
                  | scales. (AC +2) [demonic ancestry]
  2289 | D:4      | Reached XP level 5. HP: 38/42 MP: 5/5
  2350 | D:4      | Noticed Robin
  2376 | D:4      | Killed Robin
  2572 | D:4      | Found a staircase to the Ecumenical Temple.
  2579 | Temple   | Entered the Ecumenical Temple
  2766 | D:4      | Reached * piety under Okawaru
  2837 | D:4      | Noticed Sigmund
  2931 | D:4      | Found a runed translucent door.
  2932 | D:4      | Noticed Crazy Yiuf
  2944 | D:4      | Killed Crazy Yiuf
  2944 | D:4      | Reached XP level 6. HP: 34/48 MP: 3/6
  3299 | D:4      | Reached skill level 1 in Invocations
  3393 | D:4      | Noticed an orc warrior
  3403 | D:4      | Mangled by an orc warrior

Levels and vault maps discovered:
D:1:      dpeg_arrival_chase, layout_loops_ring
D:2:      layout_loops_ring
D:3:      layout_basic, okawaru_gym_becter
D:4:      layout_loops_corners, minmay_temple_entry_mini_moons,
          due_unseen_surprise, uniq_grinder, uniq_robin, uniq_sigmund,
          uniq_crazy_yiuf_cottage
Temple:   eino_temple_scatter_basement

Skill      XL: |  1  2  3  4  5  6 |
---------------+-------------------+-----
Long Blades    | 2 3 4 |  4.1
Shields        | 3 |  3.8
Armour         | 3 |  3.7
Fighting       | 4 |  4.2
Invocations    | 1 |  1.2

Action                   |  1- 3 |  4- 6 || total
-------------------------+-------+-------++-------
Melee: Long sword        |   124 |   129 ||   253
       Kick              |       |    40 ||    40
  Use: Scroll            |       |    13 ||    13
       Potion            |       |     1 ||     1
  Eat: Chunk             |     3 |     5 ||     8
Armor: Scale mail        |    35 |    34 ||    69
       Skin              |       |     9 ||     9
Dodge: Dodged            |    26 |    29 ||    55
Block: Shield            |    55 |    64 ||   119
       Rpst.: Long sword |    11 |     9 ||    20
